AoeStats
← Go Georgie Go

Nomad

507916194Analyzed
2v2 RM · 11d ago on Sep 20, 2026· 33m 7s· 4 players
Game mode
Random Map
Map size
176×176
Population
200
Speed
Normal
Resources
Standard
Victory
Conquest
Starting age
Dark Age
Ending age
Imperial Age
RankedLock teamsTeams togetherTeam positionsShared explorationLock speedFull tech treeHidden civsTurbo modeCheats
Victory
Defeat
🇦🇷 Huns · Argentina
846
+18
🇦🇷 Spanish · Argentina
772
+19
🇰🇷 Burgundians · South Korea
973
-70
🇭🇰 Persians · Hong Kong SAR China
729
-29
Soldadito
12:56 Feudal Age
13:44 Horse Collar
13:52 Double-Bit Axe
16:26 Loom
24:17 Castle Age
22:51 Gold Mining
24:22 Bloodlines
24:23 Scale Barding Armor
25:36 Heavy Plow
27:06 Forging
32:40 Chain Barding Armor
32:55 Iron Casting
32:11 Fletching
C0RMANO
17:07 Feudal Age
18:46 Scale Mail Armor
18:57 Forging
18:11 Man-at-Arms
18:40 Arson
19:13 Loom
22:46 Gold Mining
26:15 Castle Age
26:37 Double-Bit Axe
26:45 Gambesons
26:35 Long Swordsman
27:34 Squires
Leitz
12:47 Double-Bit Axe
12:52 Horse Collar
14:49 Wheelbarrow
21:04 Feudal Age
22:18 Hand Cart
22:42 Bow Saw
22:42 Heavy Plow
24:14 Man-at-Arms
30:27 Castle Age
Go Georgie Go
9:09 Loom
15:44 Feudal Age
17:03 Wheelbarrow
16:48 Double-Bit Axe
16:45 Horse Collar
26:45 Castle Age
24:33 Fishing Lines
26:57 Scale Barding Armor
27:05 Bloodlines
27:33 Husbandry
26:55 Light Cavalry
28:10 Bow Saw
28:02 Heavy Plow
27:55 Gold Mining
28:00 Stone Mining
28:03 Gillnets
29:50 Chain Barding Armor
30:17 Thumb Ring
30:35 Hand Cart
32:24 Gold Shaft Mining
32:59 Stone Shaft Mining
Connection lost

Rejoining the realm…

Still unreachable

The connection could not be restored.

Session expired

The server has moved on; the page needs a fresh start.